 Dungeon Crawl Stone Soup version 0.22.0-2-ge58baed0e8 (webtiles) character file.

20 IcyTea the Slasher (level 2, 0/26 HPs)
             Began as a Draconian Chaos Knight on Aug 13, 2018.
             Was an Initiate of Sif Muna.
             Slain by an adder (2 damage)
             ... while paralysed by you
             ... on level 2 of the Dungeon.
             The game lasted 00:02:40 (1016 turns).

IcyTea the Slasher (Draconian Chaos Knight)         Turns: 1016, Time: 00:02:42

Health: 0/26       AC:  4    Str: 14    XL:     2   Next: 58%
Magic:  2/2        EV:  2    Int: 12    God:    Sif Muna [......]
Gold:   139        SH:  0    Dex: 10    Spells: 1/1 levels left

rFire    . . .     SeeInvis .   a - +0 falchion (chaos)
rCold    . . .     Gourm    .   (no shield)
rNeg     . . .     Faith    .   (armour unavailable)
rPois    .         Spirit   .   (helmet restricted)
rElec    .         Reflect  .   (no cloak)
rCorr    .         Harm     .   (no gloves)
MR       .....                  (no boots)
Stlth    +.........             (no amulet)
HPRegen  0.08/turn              (no ring)
MPRegen  0.08/turn              (no ring)

@: paralysed, lethally poisoned (0 -> -29), very slightly contaminated, slowed,
invisible
A: unfitting armour, cold-blooded, AC +4
a: Renounce Religion


You were on level 2 of the Dungeon.
You worshipped Sif Muna.
Sif Muna was noncommittal.
You were not hungry.

You visited 1 branch of the dungeon, and saw 2 of its levels.

You collected 139 gold pieces.

Inventory:

Hand Weapons
 a - a +0 falchion of chaos (weapon)
Scrolls
 d - a scroll of amnesia {unknown}
 e - 4 scrolls of teleportation {unknown}
 f - a scroll of enchant armour {unknown}
 g - a scroll of blinking {unknown}
 h - 2 scrolls of remove curse {unknown}
 i - a scroll of enchant weapon {unknown}
Comestibles
 b - 7 rations


   Skills:
 - Level 3.2 Fighting
 + Level 4.0 Long Blades
 - Level 2.1 Dodging


You had one spell level left.
You didn't know any spells.
Your spell library was empty.

Dungeon Overview and Level Annotations

Branches:
Dungeon (2/15)

Altars:
Sif Muna


Innate Abilities, Weirdness & Mutations

Your plain brown scales are hard. (AC +4)
You cannot fit into any form of body armour.
You are cold-blooded and may be slowed by cold attacks.


Message History

The divine experience drains your vigour!
You feel yourself slow down.
It was a potion of magic.
Magic courses through your body.
You are engulfed in seething chaos.
You suddenly lose the ability to move!
You feel sick. The adder bites you.
You are more poisoned.
The adder poisons you! The adder bites you but does no damage.
You are engulfed in seething chaos.
You shrug off the repeated paralysis!
* * * LOW HITPOINT WARNING * * *
You feel sick. The adder bites you.
* * * LOW HITPOINT WARNING * * *
You are more poisoned.
The adder poisons you!
You are engulfed in seething chaos.
You fade into invisibility!
You are very lightly contaminated with residual magic.
* * * LOW HITPOINT WARNING * * *
You feel sick. The adder bites you.
You die...
Xom cackles wildly!

##########################
..........................
#####..########.....######
.......# #.....# ####...#
#.@...# .......####
#S....# #####.....+
+.....+ ......#####
#.....# .###### #.....# .#
#.....# .# #.....# .#
#...... .#


You could see an adder.

Vanquished Creatures
  A dart slug (D:2)
  A leopard gecko (D:1)
  3 goblins (D:2)
  2 hobgoblins
  3 kobolds
  A bat (D:2)
  4 frilled lizards
  2 rats
17 creatures vanquished.

Notes
Turn   | Place    | Note
-------+----------+-------------------------------------------
     0 | D:1      | IcyTea the Draconian Chaos Knight began the quest for the Orb.
     0 | D:1      | Reached XP level 1. HP: 19/19 MP: 1/1
     6 | D:1      | Noticed a polar bear
     6 | D:1      | Noticed a worker ant
     6 | D:1      | Noticed a hog
     6 | D:1      | Noticed a black mamba
   107 | D:1      | XOM: harmless Pois miscast
   278 | D:1      | XOM: silly message
   279 | D:1      | Reached XP level 2. HP: 26/26 MP: 2/2
   772 | D:2      | Found a deep blue altar of Sif Muna.
   913 | D:2      | XOM: cloud trail
   924 | D:2      | Fell from the grace of Xom
   924 | D:2      | Became a worshipper of Sif Muna the Loreminder
  1006 | D:2      | Reached skill level 4 in Long Blades
  1013 | D:2      | XOM: chaos cloud
  1014 | D:2      | Paralysed by you for 7 turns
  1016 | D:2      | Slain by an adder

Skill      XL: |  1  2 |
---------------+-------+-----
Long Blades    | 4 |  4.0
Fighting       | |  3.2
Dodging        | |  2.1

Action                   || total
-------------------------++-------
Melee: Falchion          ||    34
       Tailslap          ||     3
  Use: Potion            ||     1
Armor: Skin              ||    11
Dodge: Dodged            ||    22
       Rpst.: Falchion   ||    10
